TOP OF THE 1ST |
Pensacola Blue Wahoos batting - Pitching for San Jose Giants : RHP George Kellum
|
Pitching: RHP George Kellum
|
|
Batting: SHB Bryan Johnston
|
0-0: Ball 1-0: Ball 2-0: Called Strike 2-1: Ball 3-1: Base on Balls
|
Batting: SHB Kristian Kristensen
|
0-0: Ball 1-0: Fielders Choice at 2nd, 5-4 (Groundball, 56, EV 87.5 MPH)
|
Batting: RHB Juan Reyes
|
0-0: Ball 1-0: Ball 2-0: Foul Ball, location: 2F 2-1: Foul Ball, location: 2F 2-2: Ball 3-2: Fielders Choice at 2nd, 5-4 (Groundball, 56, EV 80.6 MPH)
|
Batting: LHB Leo Gomez
|
0-0: Swinging Strike 0-1: Swinging Strike 0-2: Ball 1-2: Ball 2-2: Foul Ball, location: 2F 2-2: Strikes out swinging
|
Top of the 1st over - 0 runs, 0 hits, 0 errors, 1 left on base; Pensacola 0 - San Jose 0 |
BOTTOM OF THE 1ST |
San Jose Giants batting - Pitching for Pensacola Blue Wahoos : RHP Jose Marrero
|
Pitching: RHP Jose Marrero
|
|
Batting: RHB Bill Defazio
|
0-0: Ground out 1-3 (Groundball, 34S, EV 71.2 MPH)
|
Batting: LHB Juan Gonzalez
|
0-0: Ball 1-0: Ball 2-0: Called Strike 2-1: Foul Ball, location: 2F 2-2: Foul Ball, location: 2F 2-2: Strikes out looking
|
Batting: RHB Yutaka Oki
|
0-0: Fly out, F7 (Flyball, 7, EV 68.8 MPH)
|
Bottom of the 1st over - 0 runs, 0 hits, 0 errors, 0 left on base; Pensacola 0 - San Jose 0 |
TOP OF THE 2ND |
Pensacola Blue Wahoos batting - Pitching for San Jose Giants : RHP George Kellum
|
Batting: LHB Matt Kennedy
|
0-0: Called Strike 0-1: Foul Ball, location: 2F 0-2: Ball 1-2: Ball 2-2: Strikes out swinging
|
Batting: RHB Jon Marquez
|
0-0: Ball 1-0: Ball 2-0: Ball 3-0: Base on Balls
|
Batting: RHB Tim Wormell
|
0-0: Ball Jon Marquez steals 2nd, throwing error, E2 Jon Marquez to third 1-0: Foul Ball, location: 2F 1-1: Ball 2-1: Ground out 6-3 (Groundball, 6S, EV 78.8 MPH) Jon Marquez scores
|
Batting: RHB Ryan Short
|
0-0: Foul Ball, location: 2F 0-1: Ball 1-1: Fly out, F8 (Flyball, 8RM, EV 88.1 MPH)
|
Top of the 2nd over - 1 run, 0 hits, 1 error, 0 left on base; Pensacola 1 - San Jose 0 |
BOTTOM OF THE 2ND |
San Jose Giants batting - Pitching for Pensacola Blue Wahoos : RHP Jose Marrero
|
Batting: RHB Adam Solesbee
|
0-0: Ball 1-0: Called Strike 1-1: Ball 2-1: Foul Ball, location: 2F 2-2: Fly out, F7 (Flyball, 7LSF, EV 91.2 MPH)
|
Batting: RHB Nick Wicker
|
0-0: Called Strike 0-1: Ball 1-1: Ground out 6-3 (Groundball, 6, EV 87.5 MPH)
|
Batting: RHB Dave Crouch
|
0-0: Ball 1-0: Ball 2-0: Swinging Strike 2-1: Fly out, F9 (Flyball, 9D, EV 97.5 MPH)
|
Bottom of the 2nd over - 0 runs, 0 hits, 0 errors, 0 left on base; Pensacola 1 - San Jose 0 |
TOP OF THE 3RD |
Pensacola Blue Wahoos batting - Pitching for San Jose Giants : RHP George Kellum
|
Batting: RHB Ben Hinman
|
0-0: Ground out 4-3 (Groundball, 4, EV 93.1 MPH)
|
Batting: SHB Bryan Johnston
|
0-0: Ball 1-0: Ball 2-0: Foul Ball, location: 2F 2-1: Ground out 4-3 (Groundball, 34, EV 84.4 MPH)
|
Batting: SHB Kristian Kristensen
|
0-0: Called Strike 0-1: Ball 1-1: Swinging Strike 1-2: Strikes out swinging, 2-3 out at first.
|
Top of the 3rd over - 0 runs, 0 hits, 0 errors, 0 left on base; Pensacola 1 - San Jose 0 |
BOTTOM OF THE 3RD |
San Jose Giants batting - Pitching for Pensacola Blue Wahoos : RHP Jose Marrero
|
Batting: RHB Drew Duncan
|
0-0: Ball 1-0: Swinging Strike 1-1: Ball 2-1: Foul Ball, location: 2F 2-2: Ball 3-2: Ground out 5-3 (Groundball, 56, EV 100.0 MPH)
|
Batting: LHB Josh Straub
|
0-0: Called Strike 0-1: Called Strike 0-2: Ball 1-2: Ball 2-2: Foul Ball, location: 2F 2-2: Foul Ball, location: 2F 2-2: Ball 3-2: Fly out, F9 (Flyball, 9LM, EV 97.5 MPH)
|
Batting: RHB Gabe Ochoa
|
0-0: Ground out 4-3 (Groundball, 4, EV 78.8 MPH)
|
Bottom of the 3rd over - 0 runs, 0 hits, 0 errors, 0 left on base; Pensacola 1 - San Jose 0 |
TOP OF THE 4TH |
Pensacola Blue Wahoos batting - Pitching for San Jose Giants : RHP George Kellum
|
Batting: RHB Juan Reyes
|
0-0: Ball 1-0: Ball 2-0: Ball 3-0: Base on Balls
|
Batting: LHB Leo Gomez
|
Pickoff Throw to First - Out! 1-3 CS 0-0: Swinging Strike 0-1: Foul Ball, location: 2F 0-2: Strikes out looking
|
Batting: LHB Matt Kennedy
|
0-0: Called Strike 0-1: Ball 1-1: Fly out, F7 (Flyball, 7D, EV 82.5 MPH)
|
Top of the 4th over - 0 runs, 0 hits, 0 errors, 0 left on base; Pensacola 1 - San Jose 0 |
BOTTOM OF THE 4TH |
San Jose Giants batting - Pitching for Pensacola Blue Wahoos : RHP Jose Marrero
|
Batting: RHB Bill Defazio
|
0-0: Ball 1-0: Foul Ball, location: 2F 1-1: Called Strike 1-2: Ball 2-2: DOUBLE (Line Drive, 78XD, EV 105.6 MPH)
|
Batting: LHB Juan Gonzalez
|
0-0: Ball 1-0: Called Strike 1-1: Ball 2-1: Ball 3-1: Foul Ball, location: 2F 3-2: Base on Balls
|
Batting: RHB Yutaka Oki
|
0-0: Ball 1-0: Swinging Strike 1-1: Foul Ball, location: 2F 1-2: Ball 2-2: Foul Ball, location: 2F 2-2: Strikes out swinging
|
Batting: RHB Adam Solesbee
|
0-0: Called Strike 0-1: Ground out 6-3 (Groundball, 6MS, EV 79.4 MPH) Bill Defazio to third Juan Gonzalez to second
|
Batting: RHB Nick Wicker
|
0-0: Ball 1-0: SINGLE (Groundball, 56D, EV 107.5 MPH) Bill Defazio scores Juan Gonzalez to third Runner from 3rd tries for Home, throw by LF and OUT! 7-2
|
Bottom of the 4th over - 1 run, 2 hits, 0 errors, 1 left on base; Pensacola 1 - San Jose 1 |
TOP OF THE 5TH |
Pensacola Blue Wahoos batting - Pitching for San Jose Giants : RHP George Kellum
|
Batting: RHB Jon Marquez
|
0-0: Swinging Strike 0-1: Swinging Strike 0-2: Fly out, F8 (Flyball, 8RD, EV 100.0 MPH)
|
Batting: RHB Tim Wormell
|
0-0: Called Strike 0-1: Foul Ball, location: 2F 0-2: Ball 1-2: SINGLE (Groundball, 56D, EV 101.2 MPH)
|
Batting: RHB Ryan Short
|
0-0: Foul Ball, location: 2F 0-1: Swinging Strike 0-2: Ball 1-2: Strikes out swinging
|
Batting: RHB Ben Hinman
|
0-0: Ball 1-0: Ball 2-0: Fly out, F8 (Flyball, 8LD, EV 94.4 MPH)
|
Top of the 5th over - 0 runs, 1 hit, 0 errors, 1 left on base; Pensacola 1 - San Jose 1 |
BOTTOM OF THE 5TH |
San Jose Giants batting - Pitching for Pensacola Blue Wahoos : RHP Jose Marrero
|
Batting: RHB Dave Crouch
|
0-0: SINGLE (Groundball, 34D, EV 103.1 MPH)
|
Batting: RHB Drew Duncan
|
0-0: Ball 1-0: Called Strike 1-1: Ball Dave Crouch steals 2nd base 2-1: Foul Ball, location: 2F 2-2: Ball 3-2: Foul Ball, location: 2F 3-2: Ground out 1-3 (Groundball, 15S, EV 62.5 MPH)
|
Batting: LHB Josh Straub
|
0-0: Called Strike 0-1: Foul Ball, location: 2F 0-2: Ball 1-2: Ball 2-2: Foul Ball, location: 2F 2-2: SINGLE (Line Drive, 78S, EV 110.0 MPH) Dave Crouch to third
|
Batting: RHB Gabe Ochoa
|
0-0: Grounds into double play, 6-4-3 (Groundball, 6, EV 107.5 MPH)
|
Bottom of the 5th over - 0 runs, 2 hits, 0 errors, 1 left on base; Pensacola 1 - San Jose 1 |
TOP OF THE 6TH |
Pensacola Blue Wahoos batting - Pitching for San Jose Giants : RHP George Kellum
|
Batting: SHB Bryan Johnston
|
0-0: Called Strike 0-1: Swinging Strike 0-2: Strikes out swinging
|
Batting: SHB Kristian Kristensen
|
0-0: Ball 1-0: Swinging Strike 1-1: Ball 2-1: Foul Ball, location: 2F 2-2: Strikes out swinging, 2-3 out at first.
|
Batting: RHB Juan Reyes
|
0-0: Ball 1-0: SINGLE (Groundball, 15S, EV 66.2 MPH) (infield hit)
|
Batting: LHB Leo Gomez
|
0-0: Swinging Strike 0-1: Fly out, F8 (Flyball, 8LM, EV 81.9 MPH)
|
Top of the 6th over - 0 runs, 1 hit, 0 errors, 1 left on base; Pensacola 1 - San Jose 1 |
BOTTOM OF THE 6TH |
San Jose Giants batting - Pitching for Pensacola Blue Wahoos : RHP Jose Marrero
|
Batting: RHB Bill Defazio
|
0-0: Ball 1-0: Ball 2-0: Fly out, F4 (Line Drive, 4MD, EV 64.4 MPH)
|
Batting: LHB Juan Gonzalez
|
0-0: Called Strike 0-1: Fly out, F8 (Flyball, 8RM, EV 83.8 MPH)
|
Batting: RHB Yutaka Oki
|
0-0: Ball 1-0: Fly out, F6 (Popup, 6MS, EV 73.1 MPH)
|
Bottom of the 6th over - 0 runs, 0 hits, 0 errors, 0 left on base; Pensacola 1 - San Jose 1 |
TOP OF THE 7TH |
Pensacola Blue Wahoos batting - Pitching for San Jose Giants : RHP George Kellum
|
Batting: LHB Matt Kennedy
|
0-0: Called Strike 0-1: SINGLE (Line Drive, 8RS, EV 98.1 MPH)
|
Batting: RHB Jon Marquez
|
0-0: Called Strike 0-1: Ball 1-1: Ball 2-1: Called Strike 2-2: Ball 3-2: Foul Ball, location: 2F 3-2: Strikes out swinging
|
Batting: RHB Tim Wormell
|
0-0: Called Strike 0-1: Ball 1-1: Foul Ball, location: 2F 1-2: Foul Ball, location: 2F 1-2: SINGLE (Groundball, 56, EV 108.1 MPH) Matt Kennedy to second
|
Pitching: RHP Evan Boy
|
|
Batting: RHB Ryan Short
|
0-0: Called Strike 0-1: Called Strike 0-2: Strikes out swinging
|
Batting: RHB Ben Hinman
|
0-0: Ball 1-0: Ball 2-0: Swinging Strike 2-1: DOUBLE (Groundball, 5L, EV 109.4 MPH) Matt Kennedy scores Tim Wormell to third
|
Batting: SHB Bryan Johnston
|
0-0: Ball 1-0: Swinging Strike 1-1: Fly out, F8 (Flyball, 8RXD, EV 76.9 MPH)
|
Top of the 7th over - 1 run, 3 hits, 0 errors, 2 left on base; Pensacola 2 - San Jose 1 |
BOTTOM OF THE 7TH |
San Jose Giants batting - Pitching for Pensacola Blue Wahoos : RHP Jose Marrero
|
Batting: RHB Adam Solesbee
|
0-0: Foul Ball, location: 2F 0-1: Ball 1-1: Swinging Strike 1-2: Ground out 6-3 (Groundball, 6, EV 83.8 MPH)
|
Batting: RHB Nick Wicker
|
0-0: Ball 1-0: Foul Ball, location: 2F 1-1: SINGLE (Line Drive, 9LS, EV 111.2 MPH)
|
Pinch Hitting: LHB Tony Galvan
|
0-0: Called Strike Nick Wicker steals 2nd, throwing error, E2 Nick Wicker to third 0-1: Foul Ball, location: 2F 0-2: Foul Ball, location: 2F 0-2: Ball 1-2: Ball 2-2: Foul Ball, location: 2F 2-2: Ball 3-2: Foul Ball, location: 2F 3-2: Ground out 3-1 (Groundball, 3, EV 101.2 MPH)
|
Batting: RHB Drew Duncan
|
0-0: Foul Ball, location: 2F 0-1: Ground out 3-1 (Groundball, 34D, EV 103.8 MPH)
|
Bottom of the 7th over - 0 runs, 1 hit, 1 error, 1 left on base; Pensacola 2 - San Jose 1 |
TOP OF THE 8TH |
Pensacola Blue Wahoos batting - Pitching for San Jose Giants : RHP Evan Boy
|
Now in RF: Tony Galvan
|
|
Batting: SHB Kristian Kristensen
|
0-0: Called Strike 0-1: Ball 1-1: Ball 2-1: Ball 3-1: Ground out 3-1 (Groundball, 34D, EV 103.1 MPH)
|
Batting: RHB Juan Reyes
|
0-0: Ball 1-0: Swinging Strike 1-1: Swinging Strike 1-2: Strikes out looking
|
Batting: LHB Leo Gomez
|
0-0: Called Strike 0-1: Ground out 4-3 (Groundball, 4, EV 100.6 MPH)
|
Top of the 8th over - 0 runs, 0 hits, 0 errors, 0 left on base; Pensacola 2 - San Jose 1 |
BOTTOM OF THE 8TH |
San Jose Giants batting - Pitching for Pensacola Blue Wahoos : RHP Jose Marrero
|
Batting: LHB Josh Straub
|
0-0: Called Strike 0-1: Ball 1-1: Foul Ball, location: 2F 1-2: Foul Ball, location: 2F 1-2: Ball 2-2: Foul Ball, location: 2F 2-2: Strikes out swinging
|
Pitching: LHP Jerry Nero
|
|
Batting: RHB Gabe Ochoa
|
0-0: Ground out 6-3 (Groundball, 6, EV 83.1 MPH)
|
Batting: RHB Bill Defazio
|
0-0: Called Strike 0-1: Ball 1-1: Swinging Strike 1-2: Ball 2-2: Foul Ball, location: 2F 2-2: Ball 3-2: Strikes out looking
|
Bottom of the 8th over - 0 runs, 0 hits, 0 errors, 0 left on base; Pensacola 2 - San Jose 1 |
TOP OF THE 9TH |
Pensacola Blue Wahoos batting - Pitching for San Jose Giants : RHP Evan Boy
|
Batting: LHB Matt Kennedy
|
0-0: Ball 1-0: Ball 2-0: Called Strike 2-1: Foul Ball, location: 2F 2-2: Ball 3-2: Base on Balls
|
Batting: RHB Jon Marquez
|
0-0: Called Strike 0-1: Foul Ball, location: 2F 0-2: Ball 1-2: Ball 2-2: Strikes out swinging
|
Batting: RHB Tim Wormell
|
0-0: Ball 1-0: Foul Ball, location: 2F 1-1: Ball 2-1: Fly out, F9 (Flyball, 9S, EV 95.0 MPH)
|
Batting: RHB Ryan Short
|
0-0: Fielders Choice at 2nd, 6-4 (Groundball, 6, EV 85.6 MPH)
|
Top of the 9th over - 0 runs, 0 hits, 0 errors, 1 left on base; Pensacola 2 - San Jose 1 |
BOTTOM OF THE 9TH |
San Jose Giants batting - Pitching for Pensacola Blue Wahoos : LHP Jerry Nero
|
Pitching: RHP Juan Hernandez
|
|
Batting: LHB Juan Gonzalez
|
0-0: Ball 1-0: Swinging Strike 1-1: Swinging Strike 1-2: Ball 2-2: Ball 3-2: Strikes out swinging
|
Batting: RHB Yutaka Oki
|
0-0: Ground out 6-3 (Groundball, 6, EV 86.9 MPH)
|
Batting: RHB Adam Solesbee
|
0-0: Called Strike 0-1: Ball 1-1: Ball 2-1: Foul Ball, location: 2F 2-2: Foul Ball, location: 2F 2-2: Foul Ball, location: 2F 2-2: Ball 3-2: Base on Balls
|
Batting: RHB Nick Wicker
|
0-0: Ball 1-0: Called Strike 1-1: Ball 2-1: Fielders Choice at 2nd, 6-4 (Groundball, 6, EV 96.9 MPH)
|
Bottom of the 9th over - 0 runs, 0 hits, 0 errors, 1 left on base; Pensacola 2 - San Jose 1 |
|